 Dungeon Crawl Stone Soup version 0.23-a0-26-g9187234747 (webtiles) character file.

186 Htamos the Chopper (level 5, -1/47 HPs)
             Began as a Hill Orc Fighter on Aug 3, 2018.
             Splashed by Ijyb's acid (11 damage)
             ... on level 4 of the Dungeon.
             The game lasted 00:03:24 (3399 turns).

Htamos the Chopper (Hill Orc Fighter)               Turns: 3399, Time: 00:03:24

Health: -1/47      AC:  6    Str: 19    XL:     5   Next: 65%
Magic:  5/5        EV:  5    Int:  8    God:
Gold:   154        SH:  9    Dex: 11    Spells: 4/4 levels left

rFire    . . .     SeeInvis .   a - +0 war axe
rCold    . . .     Gourm    .   c - +0 shield
rNeg     . . .     Faith    .   o - +0 chain mail
rPois    .         Spirit   .   (no helmet)
rElec    .         Reflect  .   (no cloak)
rCorr    .         Harm     .   p - +0 pair of gloves
MR       .....                  (no boots)
Stlth    ..........             (no amulet)
HPRegen  0.15/turn              (no ring)
MPRegen  0.09/turn              (no ring)

@: corroded
A: no striking features
a: no special abilities


You were on level 4 of the Dungeon.
You were hungry.

You visited 1 branch of the dungeon, and saw 4 of its levels.

You collected 154 gold pieces.

Inventory:

Hand Weapons
 a - a +0 war axe (weapon)
Armour
 b - a +0 scale mail
 c - a +0 shield (worn)
 o - a +0 chain mail (worn)
 p - a +0 pair of gloves (worn)
Jewellery
 u - an uncursed ring of protection from cold {unknown}
 v - a cursed ring of teleportation {unknown}
Scrolls
 e - a scroll of teleportation {unknown}
 h - 2 scrolls of blinking {unknown}
 i - 4 scrolls of remove curse {unknown}
 j - 3 scrolls of enchant armour {unknown}
 k - a scroll of fog {unknown}
 m - a scroll of magic mapping {unknown}
 n - 2 scrolls of identify {unknown}
Potions
 d - a potion of might
 g - a potion of haste {unknown}
 l - 3 potions of curing {unknown}
 r - a potion of lignification {unknown}
 s - a potion of degeneration {unknown}
 t - a potion of ambrosia {unknown}
Comestibles
 f - 9 rations


   Skills:
 + Level 4.6 Fighting
 * Level 5.2 Axes
 + Level 4.1 Armour
 + Level 4.1 Shields


You had 4 spell levels left.
You didn't know any spells.
Your spell library was empty.

Dungeon Overview and Level Annotations

Branches:
Dungeon (4/15)
 Temple: D:4-7

Altars:
Fedhas
Vehumet

Annotations:
D:4 Ijyb


Message History

You now have 154 gold pieces (gained 11).
You see here 15 stones.
j - 3 scrolls labeled FIB VUSOTU (gained 1) Ijyb the Twisted Goblin comes into view.
She is wielding a dagger.
Ijyb picks up a scroll labeled JIPRUB ZECAEB.
Ijyb is nearby!
Ijyb is nearby!
You are feeling hungry.
You barely miss Ijyb. You block Ijyb's attack.
Ijyb hits you but does no damage.
You closely miss Ijyb.
Ijyb zaps a wand.
The bolt of acid hits you!
Ouch! That really hurt!
* * * LOW HITPOINT WARNING * * *
You are splashed with acid!
The acid burns!
* * * LOW HITPOINT WARNING * * *
It is a wand of acid (8).
You closely miss Ijyb.
Ijyb zaps a wand.
The bolt of acid hits you!
* * * LOW HITPOINT WARNING * * *
The acid corrodes you!
You are splashed with acid!
The acid burns!
You die...

.#.# .######## ...#
........# #..#
........###..# ....
........+ ...# #...#
........###..####...#
......g.........#...#
..#########g.##.#...#
#.@(....#...#
#.#(..###...#
#...........#
###......<..#
#.#.......#
#.#.#.#...#
#.#.#.....#
#.........#
###.##....#


You could see Ijyb.

Vanquished Creatures
  An orc wizard (D:3)
  7 adders
  An ooze (D:1)
  An adder skeleton (D:3)
  2 worms
  5 dart slugs
  4 orcs (D:3)
  A giant cockroach (D:2)
  10 goblins
  8 hobgoblins
  10 kobolds
  A quokka (D:2)
  A ball python (D:2)
  7 bats
  4 frilled lizards
  9 rats
72 creatures vanquished.

Notes
Turn   | Place    | Note
-------+----------+-------------------------------------------
     0 | D:1      | Htamos the Hill Orc Fighter began the quest for the Orb.
     0 | D:1      | Reached XP level 1. HP: 19/19 MP: 1/1
   113 | D:1      | Reached skill level 3 in Axes
   114 | D:1      | Reached XP level 2. HP: 21/27 MP: 2/2
   612 | D:1      | Reached XP level 3. HP: 33/33 MP: 3/3
  1310 | D:2      | Reached skill level 4 in Axes
  1418 | D:2      | Reached XP level 4. HP: 30/40 MP: 4/4
  1784 | D:2      | Found a radiant altar of Vehumet.
  2520 | D:3      | Reached XP level 5. HP: 35/47 MP: 5/5
  2889 | D:3      | Reached skill level 5 in Axes
  3318 | D:3      | Found a blossoming altar of Fedhas.
  3384 | D:4      | Noticed Ijyb
  3399 | D:4      | Splashed by Ijyb's acid

Vault maps used:
D:1:      lightli_arrival_lavapool
D:2:      wad_crossroads, vehumet_crystals, first_ration
D:3:      lemuel_crystal_altar
D:4:      uniq_ijyb, uniq_pikel

Skill      XL: |  1  2  3  4  5 |
---------------+----------------+-----
Axes           | 3 4 5 |  5.2
Fighting       | 4 |  4.6
Armour         | 4 |  4.1
Shields        | 4 |  4.1

Action                   |  1- 3 |  4- 6 || total
-------------------------+-------+-------++-------
Melee: War axe           |   109 |   183 ||   292
  Eat: Chunk             |     2 |     6 ||     8
Armor: Scale mail        |    48 |    53 ||   101
       Chain mail        |       |    17 ||    17
Dodge: Dodged            |    33 |    41 ||    74
Block: Shield            |    55 |    89 ||   144

Table legend:
 A = Spawn XP
 B = Non-spawn XP
 C = Spawn XP percentage of total XP
 D = Spawn monster count
 E = Non-spawn monster count
 F = Spawn count percentage of total count
 G = Total turns spent on level
                    A         B        C        D         E        F      G
               +---------+---------+-------+---------+---------+-------+---------
         Total |       0 |     266 |   0.0 |       0 |      72 |   0.0 |  3399
               +---------+---------+-------+---------+---------+-------+---------
           D:1 |       0 |      51 |   0.0 |       0 |      25 |   0.0 |  1215
           D:2 |       0 |      88 |   0.0 |       0 |      22 |   0.0 |  1191
           D:3 |       0 |     127 |   0.0 |       0 |      25 |   0.0 |   962
               +---------+---------+-------+---------+---------+-------+---------
